Map: Forêt cybernétique EC

Players

Sorandom

  • Race: Zerg Zerg
  • League: Diamond
  • Spawn Location: 11:00

Miyau - Winner!

  • Race: Zerg Zerg
  • League: Diamond
  • Spawn Location: 5:00

VOD

Have the link to the VOD?

Description

Time

  • Played on: April 12, 2019, 9:14 p.m.
  • Length: 8:47
Show
View Real Time Build Order
Export as new Build Order

Sorandom Zerg 

Build Orders: Pool First 

Get SALT Encoding   

  12  0:01  Drone  
  13  0:12  Overlord  
  13  0:18  Drone  
  14  0:37  Spawning Pool  
  14  0:38  Drone  
  14  0:49  Drone x2  
  16  1:11  Hatchery  
  16  1:17  Drone x2  
  17  1:21  Extractor  
  17  1:22  Drone  
  17  1:29  Zergling x2  
  18  1:39  Overlord  
  18  1:45  Queen  
  20  2:01  Roach Warren, Drone  
  20  2:06  Drone  
  21  2:11  Drone  
  22  2:22  Drone  
  23  2:26  Queen  
  23  2:29  Drone  
  26  2:41  Roach x2  
  30  2:47  Roach  
  30  2:49  Roach  
  34  2:55  Roach  
  36  3:00  Overlord  
  36  3:18  Roach x4  
  44  3:26  Overlord  
  44  3:45  Roach x3  
  44  3:46  Roach  
  52  3:58  Overlord  
  52  4:08  Extractor  
  51  4:10  Drone  
  51  4:12  Overlord x2  
  54  4:17  Roach x2  
  56  4:25  Roach x2  
  59  4:40  Roach  
  59  4:41  Roach  
  55  4:51  Roach  
  49  4:57  Zergling x12  
  49  5:19  Drone  
  49  5:20  Drone x4  
  52  5:25  Extractor, Drone  
  52  5:36  Roach x4  
  52  5:39  Drone  
  52  5:40  Drone  
  62  5:53  Drone x4  
  66  5:59  Drone  
  66  6:00  Drone  
  66  6:03  Drone  
  70  6:04  Drone  
  70  6:12  Drone x5  
  75  6:24  Queen  
  75  6:25  Evolution Chamber  
  76  6:28  Evolution Chamber  
  76  6:31  Lair  
  75  6:39  Overlord  
  75  6:40  Overlord  
  75  6:55  Overlord  
  75  6:56  Overlord x3  
  75  7:05  Queen  
  77  7:23  Drone  
  77  7:24  Drone  
  77  7:29  Hatchery  
  78  7:35  Roach x4  
  79  7:42  Roach x2  
  77  7:51  Roach x3  
  81  8:01  Roach x3  
  87  8:11  Roach x4  
Show
View Real Time Build Order
Export as new Build Order

Miyau Zerg - Winner!

Build Orders: Pool First 

Get SALT Encoding   

  12  0:01  Drone  
  13  0:09  Drone  
  14  0:17  Overlord  
  14  0:36  Drone x3  
  17  0:46  Spawning Pool  
  17  0:48  Drone  
  17  0:54  Extractor  
  16  0:59  Drone  
  17  1:09  Drone  
  18  1:19  Drone  
  18  1:23  Hatchery  
  18  1:33  Zergling x2  
  18  1:37  Queen  
  21  1:41  Drone  
  22  1:51  Overlord  
  22  2:05  Metabolic Boost  
  22  2:21  Overlord  
  22  2:27  Drone x2  
  24  2:35  Queen  
  26  2:40  Drone x2  
  28  2:59  Drone  
  28  3:00  Drone x2  
  31  3:07  Roach Warren, Drone x3  
  33  3:13  Evolution Chamber  
  33  3:15  Evolution Chamber  
  31  3:20  Drone x2  
  31  3:21  Drone x2  
  35  3:34  Drone  
  35  3:37  Overlord  
  36  3:44  Spine Crawler  
  36  3:47  Roach x4  
  43  4:03  Roach x4  
  51  4:12  Overlord x2  
  51  4:29  Overlord  
  51  4:30  Overlord  
  48  4:39  Roach  
  48  4:40  Roach x5  
  48  4:44  Zergling x6  
  57  4:52  Queen  
  53  4:56  Roach  
  53  4:57  Roach x3  
  57  5:14  Drone  
  57  5:15  Extractor, Drone x3  
  59  5:23  Spine Crawler  
  58  5:33  Drone x2  
  60  5:41  Drone x2  
  62  5:44  Lair  
  62  5:48  Overlord x2  
  62  5:50  Roach x3  
  62  5:55  Queen  
  62  5:57  Roach  
  72  6:02  Zergling x8  
  76  6:13  Ravager  
  76  6:16  Drone  
  76  6:17  Drone  
  76  6:18  Zergling x6  
  82  6:36  Extractor  
  82  6:37  Extractor, Drone x4  
  82  6:38  Drone  
  82  6:39  Drone x2  
  87  6:46  Glial Reconstitution  
  87  6:52  Drone  
  88  6:55  Roach x3  
  88  6:56  Overlord  
  94  7:12  Drone  
  94  7:14  Roach x2  
  94  7:15  Overlord x2  
  99  7:20  Overlord  
  99  7:22  Hatchery  
  93  7:41  Hatchery  
  93  7:45  Roach x4  
  93  7:46  Roach x6  
  111  8:04  Drone  
  111  8:05  Hydralisk Den  
Tags
 
Add a new tag
Caveats
  • Supply blocks, unpowered buildings, or Contaminate may cause inaccurate times.
  • Supply counts are checked every 10 seconds.